 Dungeon Crawl Stone Soup version 0.20.1-1-g8b1a95d66d (webtiles) character file.

127 Hvezdomuz the Vexing (level 4, -3/51 HPs)
             Began as a Draconian Enchanter on Dec 2, 2017.
             Slain by ShornTheSheep's ghost (13 damage)
             ... on level 3 of the Dungeon.
             The game lasted 00:14:12 (3219 turns).

Hvezdomuz the Vexing (Draconian Enchanter)          Turns: 3219, Time: 00:14:13

Health: -3/51      AC:  5    Str: 15    XL:     4   Next: 85%
Magic:  8/8        EV: 13    Int: 15    God:
Gold:   120        SH:  0    Dex: 13    Spells: 2/8 levels left

rFire    . . .     SeeInvis .   a - +1 dagger
rCold    . . .     Gourm    .   (no shield)
rNeg     . . .     Faith    .   (armour unavailable)
rPois    .         Spirit   .   (helmet restricted)
rElec    .         Reflect  .   (no cloak)
rCorr    .         Harm     .   (no gloves)
MR       .....                  (no boots)
Stlth    ..........             (no amulet)
Regen    0.2/turn               (no ring)
MPRegen  0.2/turn               (no ring)

@: berserking, very quick
A: unfitting armour, cold-blooded, AC +5
a: no special abilities


You were on level 3 of the Dungeon.
You were not hungry.

You visited 1 branch of the dungeon, and saw 3 of its levels.

You collected 120 gold pieces.

Inventory:

Hand Weapons
 a - a +1 dagger (weapon)
 n - a cursed -1 short sword
Armour
 x - a cursed -1 robe
Jewellery
 h - an uncursed ring of positive energy {unknown}
Wands
 A - a wand of lightning (2/15)
Scrolls
 d - 3 scrolls of identify
 i - a scroll of noise
 j - 3 scrolls of recharging
 m - a scroll of enchant armour {unknown}
 o - 2 scrolls of teleportation {unknown}
 p - a scroll of immolation {unknown}
 v - a scroll of blinking {unknown}
 y - a scroll of remove curse {unknown}
Potions
 c - a potion of agility {unknown}
 e - a potion of brilliance {unknown}
 f - a potion of mutation {unknown}
 g - 2 potions of berserk rage
 k - 2 potions of flight {unknown}
 l - 2 potions of heal wounds {unknown}
 q - a potion of might {unknown}
 r - a potion of cancellation {unknown}
 u - 2 potions of curing {unknown}
 z - a potion of resistance {unknown}
 B - a potion of invisibility {unknown}
Books
 b - a book of Maledictions

   Spells                             Type                      Level
   a - Corona                         Hexes                        1
   b - Ensorcelled Hibernation        Hexes/Ice                    2
   c - Confuse                        Hexes                        3
   d - Tukima's Dance                 Hexes                        3
   e - Dazzling Spray                 Conjuration/Hexes            3
Comestibles
 s - 2 bread rations
 t - a meat ration
 w - a royal jelly


   Skills:
 + Level 0.4 Fighting
 + Level 2.0 Short Blades
 + Level 2.4 Dodging
 + Level 3.2 Stealth
 + Level 2.9 Spellcasting
 + Level 3.3 Hexes


You had 2 spell levels left.
You knew the following spells:

 Your Spells              Type           Power        Failure   Level  Hunger
a - Corona                Hex            ##.....      4%          1    #......
b - Ensorcelled Hibernat  Hex/Ice        #.....       16%         2    ##.....
c - Tukima's Dance        Hex            ##......     16%         3    ###....


Dungeon Overview and Level Annotations

Branches:
Dungeon (3/15)

Altars:

Annotations:
D:3 Grinder; ShornTheSheep's ghost, amateur GrBe


Innate Abilities, Weirdness & Mutations

Your plain brown scales are hard. (AC +5)
You cannot fit into any form of body armour.
You are cold-blooded and may be slowed by cold attacks.


Message History

ShornTheSheep's ghost is moderately damaged.
Evoking this partially-identified wand wasted a few charges.
You hear an angry hiss.
ShornTheSheep's ghost closely misses you.
Evoke which item? (* to show all) (? for menu, Esc to quit)
Aiming: Lightning Bolt (will waste charges)
Press: ? - help, Shift-Dir - straight line, f/p - ShornTheSheep's ghost
Aim: ShornTheSheep's ghost (moderately damaged, softly glowing)
You hear a mighty clap of thunder!
The bolt of lightning hits ShornTheSheep's ghost.
ShornTheSheep's ghost resists.
ShornTheSheep's ghost is heavily damaged.
Evoking this partially-identified wand wasted a few charges.
ShornTheSheep's ghost hits you.
* * * LOW HITPOINT WARNING * * *
It was a potion of berserk rage.
A red film seems to cover your vision as you go berserk!
You feel yourself moving faster!
You feel mighty! ShornTheSheep's ghost hits you!
You die...

#......# #.......##.##...##
#......# #................#
#......# #.......###W#..###
#......# #.................
#####.##################...###
#.# #.....# #.........#
########.###.....# #.##.(....#
#..........#.....# #.##.##...###
#.....(....#....@####.##.........
#..........#.....W....#..(##...##
#..........#...................#
########.#######......#...#.#..##
.......#.# ########...#.#..##
######.#.# #...#...>##
.......#'###### #...#......
..(..##...†...# ###########
..............# #


You could see ShornTheSheep's ghost.

Vanquished Creatures
  A bullfrog skeleton (D:3)
  Terence (D:3)
  An adder (D:3)
  A dart slug (D:2)
  A worm (D:2)
  A leopard gecko (D:2)
  An orc (D:2)
  5 bats
  3 giant cockroaches
  7 goblins
  6 hobgoblins
  3 jackals (D:2)
  2 quokkas (D:2)
  2 ball pythons
  6 frilled lizards
  10 kobolds
  7 rats
58 creatures vanquished.

Notes
Turn   | Place    | Note
-------+----------+-------------------------------------------
     0 | D:1      | Hvezdomuz the Draconian Enchanter began the quest for the Orb.
     0 | D:1      | Reached XP level 1. HP: 14/14 MP: 3/3
   482 | D:1      | Reached XP level 2. HP: 8/20 MP: 3/5
   486 | D:1      | Learned a level 2 spell: Ensorcelled Hibernation
  1626 | D:2      | Reached XP level 3. HP: 17/26 MP: 3/6
  1649 | D:2      | Learned a level 3 spell: Tukima's Dance
  2613 | D:3      | Noticed Grinder
  2733 | D:3      | Noticed Terence
  2741 | D:3      | Killed Terence
  2741 | D:3      | Reached XP level 4. HP: 32/33 MP: 5/7
  2788 | D:3      | Noticed ShornTheSheep's ghost (amateur GrBe)
  3219 | D:3      | Slain by ShornTheSheep's ghost

Skill      XL: |  1  2  3 |
---------------+----------+-----
Dodging        | 2 |  2.4
Stealth        | 3 |  3.2
Hexes          | 3 |  3.3
Short Blades   | 2 |  2.0
Fighting       | |  0.4
Spellcasting   | |  2.9

Action                   |  1- 3 |  4- 6 || total
-------------------------+-------+-------++-------
Melee: Dagger            |   203 |    34 ||   237
       Tailslap          |    24 |     3 ||    27
 Cast: Corona            |    42 |     8 ||    50
Evoke: Wand              |       |     4 ||     4
  Use: Scroll            |       |     2 ||     2
       Potion            |       |     1 ||     1
 Stab: Sleeping          |     4 |     4 ||     8
  Eat: Chunk             |     2 |     2 ||     4
       Bread ration      |     1 |       ||     1
Armor: Skin              |    55 |     8 ||    63
Dodge: Dodged            |   128 |    17 ||   145
